 Dungeon Sprint DCSS version 0.30-a0-2-gf48d83f5e2 (webtiles) character file.

Game seed: 1705639280763053482

5880 enile the Prestidigitator (level 10, 0/82 HPs)
             Began as an Octopode Fire Elementalist on Aug 20, 2022.
             Was a Priest of Jiyva.
             Slain by a nargun (7 damage)
             ... while petrified by a nargun
             ... in the Dungeon (Sprint V: "Ziggurat Sprint").
             The game lasted 00:06:41 (855 turns).

enile the Prestidigitator (OpFE)                     Turns: 855, Time: 00:06:42

Health: 0/82       AC:  5    Str: 20    XL:     10   Next: 81%
Magic:  24/24      EV:  2    Int: 33    God:    Jiyva [***...]
Gold:   0          SH:  0    Dex: 25    Spells: 28/29 levels left

rFire   . . .      SeeInvis +    B - +9 heavy crossbow "Sniper" {vorpal, Acc+∞ SInv}
rCold   + . .      Faith    .    (shield currently unavailable)
rNeg    + + +      Spirit   .    U - +0 mask of the Dragon {Will+ Slay+3 SInv}
rPois   ∞          Reflect  .    (no amulet)
rElec   .          Harm     .    t - +6 ring of intelligence
rCorr   +          Rampage  .    r - +6 ring of dexterity
rMut    +          NoTele   +    q - +6 ring of dexterity
Will    +....                    T - +4 ring of protection
Stlth   +++++.....               s - +6 ring of intelligence
HPRegen 1.35/turn                u - +6 ring of strength
MPRegen 0.54/turn                v - +6 ring of strength
                                 L - ring of protection from cold

@: petrified, studying Fighting
A: almost no armour, amphibious, 8 rings, camouflage 1, gelatinous body 1,
(nimble swimmer 1), tentacles, see invisible, mutation resistance 3
a: Renounce Religion, Oozemancy


You were in the Dungeon.
You worshipped Jiyva.
Jiyva was most pleased with you.
You visited 1 branch

Inventory:

Hand Weapons
 j - a +5 quick blade
 z - the +6 Majin-Bo {vamp, MP+6 Int+6}
   (You found it in the Dungeon)

   It heals its wielder for a portion of the damage dealt when they wound a
   living foe with it or with a spell.
   Its wielder's spells cost health as well as magical power.
   Int:       It affects your intelligence (+6).
   MP:        It affects your magic capacity (+6).
 A - the +10 dark maul {vorpal}
   (You found it in the Dungeon)

   It inflicts extra damage upon your enemies.
 B - the +9 heavy crossbow "Sniper" (weapon) {vorpal, Acc+∞ SInv}
   (You found it in the Dungeon)

   Any ammunition fired from it inflicts extra damage upon your enemies.
   Any ammunition fired from it never misses its target.
   SInv:      It lets you see invisible.
 C - the +8 lance "Wyrmbane" {slay drac, rPois rF+ rC+ AC+3}
   (You found it in the Dungeon)

   It inflicts extra damage against dragons and draconians.
   AC:        It affects your AC (+3).
   rF:        It protects you from fire.
   rC:        It protects you from cold.
   rPois:     It protects you from poison.
 D - the +5 sword of Power {vorpal}
   (You found it in the Dungeon)

   It inflicts extra damage upon your enemies.
   It occasionally discharges a powerful but inaccurate bolt of energy upon
   striking a foe, with increased chance the greater the wielder's current
   health.
 E - the +9 sword of Zonguldrok {reap}
   (You found it in the Dungeon)

   Any living foe damaged by it may be reanimated upon death as a zombie
   friendly to the wielder, with an increasing chance as more damage is dealt.
 I - the +6 battleaxe of the Bouncing Friends {flame, Dex+4}
   (You found it in the Dungeon)

   It burns those it strikes, dealing additional fire damage.
   Big, fiery blades are also staple armaments of hydra-hunters.
   Dex:       It affects your dexterity (+4).
 N - the +4 hand axe of Resumed Hostilities {holy, rF+ Int+5 Dex+3}
   (You found it in the Dungeon)

   It has been blessed by the Shining One to cause great damage to the undead
   and demons.
   Int:       It affects your intelligence (+5).
   Dex:       It affects your dexterity (+3).
   rF:        It protects you from fire.
 O - the +9 staff of Wucad Mu {*channel}
   (You found it in the Dungeon)

   It occasionally powers its wielder's spells, but with a chance of causing
   confusion or draining the wielder's intelligence.
   It becomes more likely to activate and less likely to backfire with increased
   Evocations skill.
Armour
 G - a +3 tower shield
 U - the +0 mask of the Dragon (worn) {Will+ Slay+3 SInv}
   (You found it in the Dungeon)

   Slay:      It affects your accuracy & damage with ranged weapons and melee
   (+3).
   SInv:      It lets you see invisible.
   Will:      It increases your willpower.
Jewellery
 p - a ring of flight
 q - a +6 ring of dexterity (on tentacle)
 r - a +6 ring of dexterity (right tentacle)
 s - a +6 ring of intelligence (on tentacle)
 t - a +6 ring of intelligence (left tentacle)
 u - a +6 ring of strength (on tentacle)
 v - a +6 ring of strength (on tentacle)
 L - a ring of protection from cold (on tentacle)
 P - a ring of fire
 Q - a ring of protection from fire
 R - the ring "Zousti" {Will+ Str+4}
   (You took it off a naga mage in the Dungeon)

   [ring of willpower]

   Str:       It affects your strength (+4).
   Will:      It increases your willpower.
 S - an amulet of guardian spirit
 T - a +4 ring of protection (on tentacle)
Wands
 w - a wand of mindburst (5)
 x - a wand of iceblast (6)
 y - a wand of acid (1)
Scrolls
 f - 4 scrolls of blinking
 l - 4 scrolls of amnesia
 m - 7 scrolls of fog
 n - 5 scrolls of identify
 o - a scroll of fear
Potions
 a - 8 potions of magic
 b - 8 potions of curing
 c - 10 potions of heal wounds
 d - 14 potions of haste
 e - 3 potions of berserk rage
 g - 2 potions of brilliance
 h - 2 potions of invisibility
 i - 4 potions of resistance
 k - 5 potions of might
Miscellaneous
 F - a lightning rod (4/4)
 H - a box of beasts
 J - a phantom mirror (inert)
 K - a box of beasts
 M - a condenser vane (inert)


   Skills:
 + Level 13.2 Fighting
 - Level 4.0 Ranged Weapons
 - Level 10.0 Dodging
 - Level 7.0 Stealth
 - Level 10.0 Spellcasting
 - Level 2.5 Conjurations
 - Level 10.0 Fire Magic
 - Level 14.0 Evocations


You had 28 spell levels left.
You knew the following spells:

 Your Spells              Type           Power      Damage    Failure   Level
a - Foxfire               Conj/Fire      100%       2x1d9     1%          1

Your spell library contained the following spells:

 Spells                   Type           Power      Damage    Failure   Level
 Scorch                   Fire           100%       2d10      1%          2
 Conjure Flame            Conj/Fire      55%        6-21      1%          3
 Inner Flame              Hex/Fire       49%        N/A       1%          3
 Apportation              Tloc           32%        N/A       2%          1
 Necrotise                Necr           64%        1d7       2%          1
 Sandblast                Erth           32%        2d9       2%          1
 Summon Small Mammal      Summ           64%        N/A       2%          1
 Static Discharge         Conj/Air       24%        3-6/arc   2%          2
 Flame Wave               Conj/Fire      55%        2d13      2%          4
 Sticky Flame             Conj/Fire      55%        2d7       2%          4
 Call Imp                 Summ           16%        N/A       4%          2
 Passwall                 Tmut/Erth      13%        N/A       4%          2
 Stone Arrow              Conj/Erth      48%        3d10      4%          3
 Portal Projectile        Hex/Tloc       32%        N/A       9%          3
 Dispel Undead            Necr           16%        3d10      28%         4
 Summon Ice Beast         Ice/Summ       16%        N/A       28%         4
 Lightning Bolt           Conj/Air       12%        1d25      43%         5
 Alistair's Intoxication  Tmut/Pois      10%        N/A       61%         5
 Summon Forest            Summ/Tloc      8%         N/A       61%         5
 Ignition                 Fire           35%        3d11      97%         8


Dungeon Overview and Level Annotations

Branches:
Dungeon (1/1)

Altars:
Ashenzari
Cheibriados
Dithmenos
Elyvilon
Fedhas
Gozag
Hepliaklqana
Kikubaaqudgha
Makhleb
Nemelex Xobeh
Okawaru
Qazlal
Ru
Sif Muna
Trog
Uskayaw
Vehumet
Wu Jian
Xom
Yredelemnul
Zin
The Shining One
Jiyva
Lugonu


Innate Abilities, Weirdness & Mutations

You cannot wear most types of armour.
You are amphibious.
You can wear up to eight rings at the same time.
Your skin changes colour to match your surroundings (Stealth+).
Your rubbery body absorbs attacks. (AC +1, EV +1)
((You are camouflaged when in or above water. (Stealth+)))
You have tentacles for arms and can constrict up to eight enemies at once.
You have supernaturally acute eyesight. (SInv)
You are almost entirely resistant to further mutation and mutation removal.


Message History

Your nargun freezes the wendigo.
The wendigo completely resists.
The wendigo claws your nargun. The wendigo freezes your nargun.
Your nargun completely resists.
The wendigo bites your nargun.
Your nargun misses the wendigo.
Your nargun barely misses the wendigo.
The frost giant is engulfed in negative energy.
The wendigo claws your nargun but does no damage.
The wendigo completely misses your nargun.
The frost giant is engulfed in negative energy.
Your nargun misses the wendigo.
Your nargun completely misses the wendigo.
Your nargun shimmers and vanishes!
The frost giant is engulfed in negative energy.
The frost giant points at you and mumbles some strange words.
The bolt of cold hits the ball python simulacrum.
The ball python simulacrum completely resists.
The bolt of cold hits the nargun.
The nargun completely resists.
The bolt of cold hits the freezing wraith.
The freezing wraith completely resists.
The bolt of cold hits you!! You resist.
The frost giant is engulfed in negative energy.
The frost giant points at you and mumbles some strange words.
The bolt of cold hits the wendigo.
The wendigo completely resists.
The bolt of cold hits the freezing wraith.
The freezing wraith completely resists.
The bolt of cold hits the nargun.
The nargun completely resists.
The bolt of cold hits you! You resist.
You struggle to resist.
The wendigo fires a burst of electricity at you.
The stunning burst misses you.
The frost giant gestures at you while chanting.
The bolt of cold hits the freezing wraith.
The freezing wraith completely resists.
The bolt of cold hits the wendigo.
The wendigo completely resists.
The bolt of cold hits the nargun.
The nargun completely resists.
The bolt of cold hits you! You resist.
* * * LOW HITPOINT WARNING * * *
The nargun hits you.
* * * LOW HITPOINT WARNING * * *
The nargun bites you!!
* * * LOW HITPOINT WARNING * * *
The nargun freezes you! You resist.
You die...

▓...))....▓
▓.§§§☼§§§.▓...).}...▓
▓.§§°§§§§.▓†........▓
▓.§§§§§§..▓....†.†..▓
▓....C....▓.........▓
▓....W....▓....|....▓
▓...ZR....▓.▓..†..▓.▓
▓.▓WR99.▓.▓....©....▓
▓....@....▓▓▓▓▓▓▓▓▓▓▓
▓▓▓▓▓▓▓▓▓▓▓


You could see a frost giant (drained), 2 wendigos, 2 narguns, 2 freezing wraiths
and a ball python simulacrum.

Vanquished Creatures
  An ironbound preserver (D)
  An ironbound convoker (D)
  2 black mambas (D)
  A vault sentinel (D)
  A smoke demon (D)
  A red devil (D)
  2 tarantellas (D)
  4 spriggans (D)
  A naga (D)
  8 hell hounds (D)
  A water moccasin (D)
  A black bear (D)
  A wolf (D)
  3 scorpions (D)
  An iron imp (D)
  4 adders (D)
  3 shadow imps (D)
  2 adder skeletons (D)
  An adder zombie (D)
  3 ball pythons (D)
  A bat skeleton (D)
43 creatures vanquished.

Vanquished Creatures (collateral kills)
  A naga mage (D)
  A red devil (D)
  2 scorpions (D)
  A crimson imp (D)
  A white imp (D)
  An ufetubus (D)
  A ball python (D)
8 creatures vanquished.

Vanquished Creatures (others)
  A great orb of eyes (shapeshifter) (D)
  A shock serpent (shapeshifter) (D)
  A glowing orange brain (shapeshifter) (D)
  A cyclops (shapeshifter) (D)
  A shining eye (shapeshifter) (D)
  2 spriggans (shapeshifter) (D)
  3 water elementals (D)
  A hog (shapeshifter) (D)
  A culicivora (shapeshifter) (D)
  A golden eye (shapeshifter) (D)
  A redback (shapeshifter) (D)
  A neqoxec (D)
  A floating eye (shapeshifter) (D)
  11 jellies (D)
  An adder (D)
  A white imp (D)
  An ufetubus (D)
  A ball python simulacrum (D)
  A ball python zombie (D)
  A bat simulacrum (D)
33 creatures vanquished.

Grand Total: 84 creatures vanquished

Notes
Turn   | Place    | Note
-------+----------+-------------------------------------------
     0 | D        | enile the Octopode Fire Elementalist began the quest for
                  | the Orb.
     0 | D        | Reached XP level 1. HP: 11/11 MP: 3/3
     0 | D        | Found a shimmering blue altar of Sif Muna.
     0 | D        | Found a sacrificial altar of Ru.
     0 | D        | Found a bloodstained altar of Trog.
     0 | D        | Found a stormy altar of Qazlal.
     0 | D        | Found an iron altar of Okawaru.
     0 | D        | Found a sparkling altar of Nemelex Xobeh.
     0 | D        | Found a blossoming altar of Fedhas.
     0 | D        | Found the +6 Majin-Bo {vamp, MP+6 Int+6}
     0 | D        | Found the +9 heavy crossbow "Sniper" {vorpal, Acc+∞ SInv}
     0 | D        | Found the +10 dark maul {vorpal}
     0 | D        | Found the +15 Maxwell's patent armour {-Cast -Tele rElec
                  | Will+ rCorr}
     0 | D        | Found the +18 shield of the Gong {rElec rN+ Will+ EV-5}
     0 | D        | Found the +14 obsidian axe {vorpal, Mesm Drain Fly SInv}
     0 | D        | Found the +7 great mace "Firestarter" {inner flame, rF++}
     0 | D        | Found the +6 shillelagh "Devastator" {shatter}
     0 | D        | Found the +11 plutonium sword {Contam Stlth-}
     0 | D        | Found the +8 lance "Wyrmbane" {slay drac, rPois rF+ rC+
                  | AC+3}
     0 | D        | Found the +9 sword of Zonguldrok {reap}
     0 | D        | Found the +13 scythe of Curses {drain, Drain}
     0 | D        | Found the +5 sword of Power {vorpal}
     0 | D        | Found the +7 mace of Variability {chain chaos}
     0 | D        | Found the +7 Singing Sword {vorpal, sonic wave}
     0 | D        | Found the +8 storm bow {elec, penet}
     2 | D        | Found a transporter.
     2 | D        | Found an ancient bone altar of Kikubaaqudgha.
     2 | D        | Found a viscous altar of Jiyva.
     2 | D        | Found a corrupted altar of Lugonu.
     2 | D        | Found a hazy altar of Hepliaklqana.
     2 | D        | Found a burning altar of Makhleb.
     2 | D        | Found an opulent altar of Gozag.
    54 | D        | Reached skill level 5 in Fighting
    54 | D        | Reached skill level 5 in Evocations
    54 | D        | Reached XP level 2. HP: 24/24 MP: 5/5
    92 | D        | Became a worshipper of Jiyva Jirred the Shapeless
    95 | D        | Entered arena 2.
    95 | D        | Noticed a scorpion
    95 | D        | Noticed a scorpion
    95 | D        | Found a transporter.
    97 | D        | Killed a scorpion
    97 | D        | Killed a shock serpent
    98 | D        | Reached XP level 3. HP: 26/29 MP: 7/7
    98 | D        | Reached XP level 4. HP: 31/35 MP: 8/8
   100 | D        | Killed a scorpion
   101 | D        | Reached XP level 5. HP: 30/43 MP: 9/9
   110 | D        | Killed a water elemental
   111 | D        | Killed a spriggan
   151 | D        | Killed a cyclops
   200 | D        | Entered arena 3.
   200 | D        | Noticed an ironbound convoker
   200 | D        | Noticed a vault sentinel
   200 | D        | Noticed an ironbound preserver
   200 | D        | Found a transporter.
   205 | D        | Killed a vault sentinel
   206 | D        | Reached skill level 10 in Fighting
   206 | D        | Reached XP level 6. HP: 16/54 MP: 10/10
   206 | D        | Killed an ironbound preserver
   207 | D        | Reached skill level 10 in Dodging
   207 | D        | Reached skill level 10 in Evocations
   207 | D        | Reached XP level 7. HP: 19/62 MP: 11/11
   207 | D        | Reached XP level 8. HP: 21/68 MP: 12/12
   207 | D        | Killed an ironbound convoker
   208 | D        | Reached XP level 9. HP: 22/73 MP: 13/13
   355 | D        | Killed a glowing orange brain
   371 | D        | Killed a great orb of eyes
   389 | D        | Killed a shining eye
   411 | D        | Got the +6 battleaxe of the Bouncing Friends {flame, Dex+4}
   436 | D        | Entered arena 4.
   436 | D        | Found a transporter.
   436 | D        | Reached * piety under Jiyva
   446 | D        | Got the Compendium of Floating Direction
   448 | D        | Got The Volume of Greatest Risks and Utility
   460 | D        | Entered arena 5.
   460 | D        | Found a transporter.
   462 | D        | Reached skill level 11 in Evocations
   474 | D        | Entered arena 6.
   474 | D        | Noticed a tarantella
   474 | D        | Noticed a tarantella
   474 | D        | Found a transporter.
   477 | D        | Reached skill level 12 in Evocations
   480 | D        | Killed a tarantella
   481 | D        | Reached skill level 13 in Evocations
   481 | D        | Killed a tarantella
   482 | D        | Reached skill level 14 in Evocations
   509 | D        | Entered arena 7.
   509 | D        | Reached ** piety under Jiyva
   513 | D        | Reached skill level 5 in Spellcasting
   517 | D        | Reached skill level 5 in Fire Magic
   550 | D        | Found a transporter.
   641 | D        | Got the +4 hand axe of Resumed Hostilities {holy, rF+ Int+5
                  | Dex+3}
   644 | D        | Entered arena 8.
   644 | D        | Found the +9 staff of Wucad Mu {*channel}
   644 | D        | Identified the +9 mace of Sidi {elec, Fragile rC+ Will+}
   646 | D        | Reached XP level 10. HP: 80/80 MP: 20/20
   648 | D        | Found a transporter.
   660 | D        | Entered arena 9.
   693 | D        | Found a transporter.
   693 | D        | Reached *** piety under Jiyva
   701 | D        | Got Sif Muna's Lessons on Beckoning and the Assassin
   704 | D        | Entered arena 10.
   704 | D        | Found the +8 whip "Snakebite" {venom, curare, rPois}
   704 | D        | Noticed a smoke demon
   704 | D        | Gained mutation: You have supernaturally acute eyesight.
                  | (SInv) [Jiyva's grace]
   704 | D        | Gained mutation: You are somewhat resistant to further
                  | mutation. [Jiyva's grace]
   704 | D        | Gained mutation: You are somewhat resistant to both further
                  | mutation and mutation removal. [Jiyva's grace]
   704 | D        | Gained mutation: You are almost entirely resistant to
                  | further mutation and mutation removal. [Jiyva's grace]
   712 | D        | Killed a smoke demon
   713 | D        | Reached skill level 10 in Fire Magic
   739 | D        | Found a transporter.
   764 | D        | Entered arena 11.
   764 | D        | Found the +0 mask of the Dragon {Will+ Slay+3 SInv}
   764 | D        | Noticed a black mamba
   764 | D        | Identified the ring "Zousti" {Will+ Str+4}
   764 | D        | Noticed a naga mage
   764 | D        | Noticed a black mamba
   764 | D        | Identified the +5 flail of Qaoragilo {flame, Fragile rF+
                  | Will+}
   764 | D        | Identified the +2 robe of Jugrurph {rElec Str-2 Dex+4}
   771 | D        | Killed a black mamba
   771 | D        | Killed a black mamba
   771 | D        | Killed a naga mage
   772 | D        | Reached skill level 10 in Spellcasting
   799 | D        | Found a transporter.
   831 | D        | Acquired a +4 ring of protection
   845 | D        | Entered arena 12.
   845 | D        | Noticed a wendigo
   845 | D        | Noticed a wendigo
   845 | D        | Noticed a nargun
   848 | D        | Noticed a nargun
   848 | D        | Noticed a frost giant
   855 | D        | Slain by a nargun

Illustrated notes

Levels and vault maps discovered:
D:        sprint_v [room_start, room_1, room_2, room_3, room_4, room_5, room_6,
          room_7, room_8, room_9, room_10, room_11, room_12, room_13, room_14,
          room_15, room_16, room_17, room_18, room_19, room_20, room_21,
          room_22, room_23, room_24, room_25, room_26, room_27]

Skill      XL: |  1  2  3  4  5  6  7  8  9 10 |
---------------+-------------------------------+-----
Fighting       | 5 7 10 11 12 13 | 13.2
Evocations     | 5 10 14 | 14.0
Dodging        | 3 8 10 | 10.0
Stealth        | 4 7 |  7.0
Conjurations   | 2 |  2.5
Ranged Weapons | 4 |  4.0
Spellcasting   | 7 10 | 10.0
Fire Magic     | 5 10 | 10.0

Action                   |  1- 3 |  4- 6 |  7- 9 | 10-12 || total
-------------------------+-------+-------+-------+-------++-------
 Fire: Heavy crossbow    |     2 |     4 |    14 |    18 ||    38
Evoke: Wand              |       |     4 |     2 |     3 ||     9
       Box of beasts     |       |     1 |     1 |     1 ||     3
       Lightning rod     |       |       |     3 |     4 ||     7
       Condenser vane    |       |       |     1 |     4 ||     5
       Phantom mirror    |       |       |     1 |     3 ||     4
  Use: Potion            |     1 |       |     2 |       ||     3
       Scroll            |       |       |       |     2 ||     2
Armor: Skin              |       |       |     2 |     2 ||     4
Dodge: Dodged            |     4 |     4 |    19 |    46 ||    73

Table legend: (Time is in decaauts)
 A = Elapsed time spent in this place.
 B = Non-inter-level travel time spent in this place.
 C = Inter-level travel time spent in this place.
 D = Time resting spent in this place.
 E = Time spent auto-exploring this place.
 F = Levels seen in this place.
 G = Mean time per level.
                   A        B        C        D        E       F      G
               +--------+--------+--------+--------+--------+-----+--------+
         Total |    908 |    908 |      0 |     93 |    476 |   1 |  908.0 |
       Dungeon |    908 |    908 |      0 |     93 |    476 |   1 |  908.0 |
               +--------+--------+--------+--------+--------+-----+--------+

Top non-repeatable levels by time:
       D: 908 daAuts
